 Dungeon Crawl Stone Soup version 0.17-a0-402-g023398c (webtiles) character file.

6454 Sixotanaka the Severer (level 10, 0/77 HPs)
             Began as a Hill Orc Berserker on Apr 1, 2015.
             Was a High Priest of Trog.
             Slain by a six-headed hydra (4 damage)
             ... on level 1 of the Lair of Beasts.
             The game lasted 00:22:04 (10984 turns).

Sixotanaka the Severer (Hill Orc Berserker)        Turns: 10984, Time: 00:22:04

Health: 0/77       AC: 11    Str: 25    XL:     10   Next: 99%
Magic:  3/3        EV:  2    Int: 12    God:    Trog [*****.]
Gold:   367        SH:  0    Dex: 11    Spells: 0 memorised, 9 levels left

rFire  + . .     SeeInvis .     a - +4 battleaxe (antimagic)
rCold  . . .     Clarity  .     e - +0 scale mail of Fortitude {rF+ Str+2 Int+5}
rNeg   + + +     SustAb   .     (no shield)
rPois  ∞         Gourm    .     z - +2 helmet
rElec  .         Spirit   .     (no cloak)
rCorr  .         Warding  .     f - +1 pair of gloves
rMut   .         Stasis   .     (no boots)
MR     .....                    (no amulet)
Stlth  ..........               (no ring)
                                t - +4 ring of slaying

@: lethally poisoned (0 -> 0), petrified, very slightly contaminated, hasted,
not resistant to hostile enchantments, extremely unstealthy
A: no striking features
a: Burn Spellbooks, Berserk, Trog's Hand, Brothers in Arms, Renounce Religion


You were on level 1 of the Lair of Beasts.
You worshipped Trog.
Trog was extremely pleased with you.
You were hungry.

You visited 2 branches of the dungeon, and saw 11 of its levels.

You collected 367 gold pieces.


   Skills:
 - Level 3.6 Fighting
 + Level 19.4 Axes
 - Level 2.1 Armour
 - Level 1.5 Dodging


You had 9 spell levels left.
You didn't know any spells.

Dungeon Overview and Level Annotations

Branches:
Dungeon (10/15)            Temple (0/1) D:4            Lair (1/8) D:8
    Orc: D:9-12

Altars:
Cheibriados
Elyvilon
Kikubaaqudgha
Nemelex Xobeh
Okawaru
Qazlal
Trog
Vehumet

Shops:
D:4 %   D:9 [

Annotations:
D:9 Maurice

Inventory:

Hand weapons
 a - a +4 antimagic battleaxe (weapon)
   (Trog gifted it to you on level 9 of the Dungeon)
 b - a +0 blowgun
Missiles
 n - 9 silver javelins (quivered)
 E - 57 poisoned needles
 G - a throwing net
Armour
 e - the +0 scale mail of Fortitude (worn) {rF+ Str+2 Int+5}
   (You found it on level 4 of the Dungeon)

   It affects your strength (+2).
   It affects your intelligence (+5).
   It protects you from fire.
 f - a +1 pair of gloves (worn)
 z - a +2 helmet (worn)
Jewellery
 t - a +4 ring of slaying (left hand)
Magical devices
 j - a wand of polymorph (7)
 q - a wand of fire (8)
 u - a wand of random effects (27)
 I - a wand of magic darts (29)
Scrolls
 g - 3 scrolls of enchant weapon
 p - a scroll of teleportation {@r4}
 y - 2 scrolls of blinking
Potions
 d - a potion of flight {unknown}
 h - 4 potions of brilliance {unknown}
 i - 2 potions of might
 l - 2 potions of agility
 m - a potion of invisibility
 o - 2 potions of mutation {!q}
 v - a potion of beneficial mutation {unknown}
 w - 3 potions of curing {@q1}
 x - a potion of heal wounds {@q2}
 B - a potion of magic {unknown}
 C - 2 potions of haste {@q3}
 J - a potion of berserk rage {unknown}
 N - a potion of poison {unknown}
 Q - a potion of restore abilities
Books
 r - a book of Ice
 M - a book of Spatial Translocations
Comestibles
 c - 12 bread rations
 s - a slice of pizza
 H - 3 fruits
 R - 2 meat rations

#### #...#P####
#...##.#......#
#..............#
#.....#.......#
####.##..##...#
##†††..## .#
#.†<..###
###D.†....#
#h@l#.....#
#.hhP#....##
#.####....# #..
#.#### #. #.# ..
..# .. ..# . #


You could see a six-headed hydra, a basilisk and 3 wolves.


Message History

Trog accepts your kill.
You slash the basilisk!
The basilisk's magic leaks into the air.
The basilisk falters for a moment.
You closely miss the basilisk.
The basilisk falters for a moment.
Drink which item? (? for menu, Esc to quit)
You feel yourself speed up. The basilisk bites you!
You are very lightly contaminated with residual magic.
The basilisk hisses menacingly.
A black mamba comes into view.
Found 3 poisoned arrows.
The black mamba hisses angrily.
A wolf comes into view.
You see here a yak corpse.
The wolf barks!
The black mamba bites you! The basilisk gazes at you.
You resist with some effort.
You slice the wolf!! You slice the black mamba!!
The black mamba barely misses you.
Your scale mail of Fortitude prevents you from hitting the wolf.
You slash the black mamba! The wolf bites you.
* * * LOW HITPOINT WARNING * * *
The basilisk gazes at you.
You are slowing down.
The black mamba bites you!
* * * LOW HITPOINT WARNING * * *
You are poisoned.
The black mamba poisons you!
You completely miss the wolf. You closely miss the black mamba.
You feel sick. The wolf completely misses you.
The black mamba bites you but does no damage.
A wolf comes into view.
You slice the wolf!!
You kill the wolf!
Trog accepts your kill.
You slash the black mamba!
You kill the black mamba!
Trog accepts your kill.
Your limbs are stiffening.
A wolf comes into view.
You feel sick.
The wolf barks!
The basilisk falters for a moment.
The wolf moves out of view.
You have turned to stone.
A wolf comes into view.
The six-headed hydra bites you but does no damage. x2
The six-headed hydra barely misses you. The six-headed hydra bites you.
* * * LOW HITPOINT WARNING * * *
The six-headed hydra bites you. x2
* * * LOW HITPOINT WARNING * * *
The wolf bites you. x2
* * * LOW HITPOINT WARNING * * *
The basilisk bites you but does no damage.
The six-headed hydra bites you!
* * * LOW HITPOINT WARNING * * *
The six-headed hydra bites you.
* * * LOW HITPOINT WARNING * * *
The six-headed hydra bites you!
* * * LOW HITPOINT WARNING * * *
The six-headed hydra bites you but does no damage.
The six-headed hydra bites you!
* * * LOW HITPOINT WARNING * * *
The six-headed hydra bites you.
* * * LOW HITPOINT WARNING * * *
The wolf bites you.
The basilisk falters for a moment.
The wolf bites you but does no damage. The wolf bites you.
* * * LOW HITPOINT WARNING * * *
The six-headed hydra bites you!
You die...

Action                   |  1- 3 |  4- 6 |  7- 9 | 10-12 || total
-------------------------+-------+-------+-------+-------++-------
Melee: Hand axe          |   107 |   174 |   449 |   223 ||   953
       Battleaxe         |       |       |       |    23 ||    23
Throw: Javelin           |       |     2 |     2 |       ||     4
Invok: Berserk           |     1 |     2 |     8 |       ||    11
       Trog's Hand       |       |       |     5 |     1 ||     6
  Use: Scroll            |       |     7 |     6 |     9 ||    22
       Potion            |       |       |       |     1 ||     1
  Eat: Chunk             |     2 |     4 |    13 |     5 ||    24
       Bread ration      |       |     1 |       |       ||     1
       Fruit             |       |       |     2 |       ||     2
       Royal jelly       |       |       |     2 |     1 ||     3
       Beef jerky        |       |       |     2 |       ||     2
       Pizza             |       |       |     2 |     1 ||     3

Vault maps used:
D:1:      dpeg_arrival_central, minivault_11
D:2:      nicolae_overflow_crystal_walls, vehumet_crystals
D:3:      nicolae_overflow_hidden_temple, okawaru_gym_becter, uniq_jessica,
          uniq_natasha, uniq_robin
D:4:      corexii_shack_village, lemuel_temple_firewalk_marked, serial_shops,
          shop_statue, first_bread, serial_bayou_pond_a, uniq_duvessa
D:5:      nemelex_deck, uniq_menkaure
D:6:      elyvilon_altar_4, nicolae_qazlal_style_of_elements
D:7:      lemuel_round_altar, the_bakery, lemuel_flamethrower_2, uniq_pikel
D:8:      erik_lair_dragon, cheibriados_altar_1
D:9:      serial_shops, shop, nemelex_dance_club_becter, uniq_maurice
D:10:     nicolae_trove_entry_columns
Lair:1:   lab_entry_generic

Notes
Turn   | Place    | Note
--------------------------------------------------------------
     0 | D:1      | Sixotanaka, the Hill Orc Berserker, began the quest for the Orb.
     0 | D:1      | Reached XP level 1. HP: 19/19 MP: 1/1
   273 | D:1      | Reached XP level 2. HP: 19/26 MP: 2/2
   599 | D:1      | Reached skill level 5 in Axes
   702 | D:2      | Reached XP level 3. HP: 25/31 MP: 3/3
   899 | D:2      | Reached skill level 6 in Axes
  1113 | D:2      | Found a snail-covered altar of Cheibriados.
  1117 | D:2      | Acquired Trog's second power
  1171 | D:2      | Reached XP level 4. HP: 37/39 MP: 4/4
  1257 | D:2      | Found a radiant altar of Vehumet.
  2013 | D:3      | Noticed chequers's ghost (average MiFi)
  2178 | D:3      | Noticed Natasha
  2196 | D:3      | Killed Natasha
  2196 | D:3      | Reached skill level 7 in Axes
  2398 | D:3      | Found an iron altar of Okawaru.
  2421 | D:3      | Reached XP level 5. HP: 45/45 MP: 5/5
  2469 | D:3      | Found an ancient bone altar of Kikubaaqudgha.
  2471 | D:3      | Noticed Natasha
  2483 | D:3      | Killed Natasha
  2543 | D:3      | HP: 16/67 [orc priest/dagger (4)]
  2788 | D:3      | Noticed Jessica
  2796 | D:3      | Killed Jessica
  2796 | D:3      | Reached skill level 8 in Axes
  2829 | D:3      | Noticed Natasha
  2836 | D:3      | Killed Natasha
  3020 | D:3      | Noticed Robin
  3039 | D:3      | Killed Robin
  3141 | D:3      | Reached XP level 6. HP: 49/51 MP: 6/6
  3312 | D:3      | Killed chequers's ghost
  3312 | D:3      | Reached skill level 9 in Axes
  3548 | D:4      | Reached XP level 7. HP: 54/57 MP: 7/7
  3551 | D:4      | Reached skill level 10 in Axes
  3605 | D:4      | Noticed Duvessa
  3627 | D:4      | Noticed Dowan
  3628 | D:4      | Killed Duvessa
  3655 | D:4      | HP: 4/57 [Dowan/shard of ice (14)]
  3932 | D:4      | Killed Dowan
  4019 | D:4      | Got a faintly humming scale mail
  4020 | D:4      | Identified the +0 scale mail of Fortitude {rF+ Str+2 Int+5} (You found it on level 4 of the Dungeon)
  4060 | D:4      | Found Juweib's Food Shop.
  4348 | D:4      | Acquired Trog's third power
  4421 | D:4      | Reached skill level 11 in Axes
  4491 | D:4      | Found a staircase to the Ecumenical Temple.
  4827 | D:5      | Entered Level 5 of the Dungeon
  5132 | D:5      | Reached XP level 8. HP: 64/64 MP: 8/8
  5218 | D:5      | Found a sparkling altar of Nemelex Xobeh.
  5410 | D:5      | Noticed Menkaure
  5424 | D:5      | Killed Menkaure
  5424 | D:5      | Reached skill level 12 in Axes
  5688 | D:6      | Found a white marble altar of Elyvilon.
  5707 | D:6      | Found a stormy altar of Qazlal.
  5923 | D:6      | Reached skill level 13 in Axes
  6638 | D:7      | Noticed Pikel
  6658 | D:7      | Killed Pikel
  6658 | D:7      | Reached skill level 14 in Axes
  6658 | D:7      | Reached XP level 9. HP: 70/70 MP: 9/9
  7141 | D:7      | Found a bloodstained altar of Trog.
  7185 | D:7      | Reached skill level 15 in Axes
  7859 | D:8      | Noticed a komodo dragon
  7868 | D:8      | Killed a komodo dragon
  7908 | D:8      | Received a gift from Trog
  7927 | D:8      | Reached skill level 16 in Axes
  8082 | D:8      | Found a staircase to the Lair.
  8336 | D:8      | Found a snail-covered altar of Cheibriados.
  8375 | D:8      | Reached XP level 10. HP: 42/77 MP: 10/10
  8396 | D:8      | Reached skill level 17 in Axes
  9321 | D:8      | Received a gift from Trog
  9636 | D:8      | HP: 19/77 [poisoned by a killer bee]
  9642 | D:8      | HP: 18/77 [poisoned by a killer bee]
  9650 | D:8      | HP: 17/77 [poisoned by a killer bee]
  9658 | D:8      | HP: 17/77 [poisoned by a killer bee]
  9920 | D:8      | Reached skill level 18 in Axes
 10032 | D:9      | Received a gift from Trog
 10201 | D:9      | Noticed Maurice
 10568 | D:9      | Found Yqus's Armour Shoppe.
 10633 | D:9      | Found a sparkling altar of Nemelex Xobeh.
 10800 | D:10     | Entered Level 10 of the Dungeon
 10943 | Lair:1   | Entered Level 1 of the Lair of Beasts
 10959 | Lair:1   | Noticed a six-headed hydra
 10961 | Lair:1   | Reached skill level 19 in Axes
 10968 | Lair:1   | Noticed a black mamba
 10980 | Lair:1   | Killed a black mamba
 10983 | Lair:1   | HP: 16/77 [six-headed hydra (5)]
 10983 | Lair:1   | HP: 6/77 [six-headed hydra (3)]
 10984 | Lair:1   | Slain by a six-headed hydra

Vanquished Creatures
  Pikel (D:7)
  A spiny frog (Lair:1)
  A black mamba (Lair:1)
  A komodo dragon (D:8)
  A troll (D:8)
  5 yaks (Lair:1)
  A hippogriff (D:8)
  A wolf (Lair:1)
  Menkaure (D:5)
  A mottled dragon (D:8)
  Duvessa (D:4)
  A phantom (D:5)
  3 ogres
  An ice beast (D:8)
  The ghost of chequers the Chopper, an average MiFi (D:3)
  A slave (D:7)
  2 centaurs
  3 crocodiles
  2 big kobolds
  Dowan (D:4)
  5 giant frogs
  3 scorpions
  7 wights
  15 killer bees (D:8)
  3 crimson imps
  A goliath beetle (D:8)
  A centaur skeleton (D:8)
  4 orc priests
  5 iguanas
  Jessica (D:3)
  Natasha (thrice) (D:3)
  7 orc wizards
  2 worker ants
  A hound zombie (D:5)
  A mummy (D:9)
  A worker ant zombie (D:8)
  Robin (D:3)
  7 gnolls
  11 adders
  A giant mite (D:4)
  A shadow imp (D:5)
  2 worms
  An adder zombie (D:4)
  3 adder skeletons
  10 giant geckos
  An ooze (D:9)
  20 orcs
  14 bats
  2 bat skeletons (D:4)
  A bat zombie (D:6)
  3 giant cockroaches
  26 goblins
  16 hobgoblins
  20 jackals
  20 kobolds
  8 quokkas
  A giant gecko skeleton (D:4)
  2 giant newts (D:2)
  A goblin zombie (D:5)
  7 rats
269 creatures vanquished.

Vanquished Creatures (others)
  2 slaves (D:7)
  A spriggan (D:7)
  An ogre (D:4)
  2 worker ants (D:7)
  A rat (D:7)
7 creatures vanquished.

Grand Total: 276 creatures vanquished
